 Dungeon Crawl Stone Soup version 0.26-a0-1176-g060ceda6a5 (webtiles) character file.

Game seed: 11834521476980769154

123 Dracia the Covered (level 4, 0/52 HPs)
             Began as a Demonspawn Fighter on Dec 24, 2020.
             Killed from afar by an orc wizard (5 damage)
             ... with a magic dart
             ... on level 3 of the Dungeon.
             The game lasted 00:03:16 (2077 turns).

Dracia the Covered (Demonspawn Fighter)             Turns: 2077, Time: 00:03:17

Health: 0/52       AC: 22    Str: 20    XL:     4   Next: 80%
Magic:  3/3        EV:  2    Int:  9    God:
Gold:   261        SH: 10    Dex: 18    Spells: 3/3 levels left

rFire    + . .     SeeInvis .   a - +0 trident
rCold    . . .     Faith    .   c - +0 kite shield
rNeg     + + +     Spirit   .   (armour currently unavailable)
rPois    +         Reflect  .   (helmet currently unavailable)
rElec    .         Harm     .   (cloak currently unavailable)
rCorr    .         Rampage  .   (gloves currently unavailable)
Will     .....     NoTele   +   (boots currently unavailable)
Stlth    ++........             (no amulet)
HPRegen  0.17/turn              D - +6 ring of dexterity
MPRegen  0.08/turn              F - ring of protection from fire

@: mighty, tree-form
A: repulsion field 1, low mp 1, strong 1
a: no special abilities


You were on level 3 of the Dungeon.
You were a tree.
You visited 1 branch of the dungeon, and saw 3 of its levels.

You collected 261 gold pieces.


Innate Abilities, Weirdness & Mutations

You are surrounded by a mild repulsion field. (EV +2)
Your magical capacity is low. (-10% MP)
Your muscles are strong. (Str +2)


   Skills:
 - Level 3.0 Fighting
 - Level 1.7 Polearms
 + Level 3.6 Armour
 + Level 2.2 Dodging
 + Level 3.6 Shields


You had 3 spell levels left.
You didn't know any spells.
Your spell library was empty.

Inventory:

Hand Weapons
 a - a +0 trident (weapon)
Missiles
 h - 27 poisoned darts (quivered)
Armour
 b - a +0 scale mail (melded)
 c - a +0 kite shield (worn)
 p - a scarf of resistance (melded)
Jewellery
 D - a +6 ring of dexterity (left branch)
 F - a ring of protection from fire (right branch)
Scrolls
 i - 5 scrolls of identify {unknown}
 j - a scroll of remove curse {unknown}
 l - a scroll of fear {unknown}
 m - 2 scrolls of teleportation {unknown}
 n - a scroll of enchant armour {unknown}
 o - a scroll of blinking {unknown}
 q - a scroll of immolation {unknown}
Potions
 g - 4 potions of lignification

Dungeon Overview and Level Annotations

Branches:
Dungeon (3/15)

Altars:

.###### ..........
### ......... #..
......... #.# ......
#.# .... #..
#.######.########.###
#.).♣§...o......#....
########)######.#.#..
#.# #.#.#.. #.#
#.#.#.# #.# #.#.# #.#
#.#.#
######'######.#.###
...............#....
######....#####.....


You could see an orc wizard (fast).


Message History

The orc wizard gestures wildly while chanting.
The orc wizard blinks!
You cannot move.
Unknown command.
Reach: a) +0 trident
Press: ? - help, Dir - move target, f - orc
Aim: an orc, wielding a +0 mace You reach to attack!
You puncture the orc!
You kill the orc!
The orc wizard gestures at you while chanting.
The magic dart hits you but does no damage.
It was a potion of flight.
Your roots keep you in place.
It was a potion of magic.
Magic courses through your body.
Unknown command.
Reach: a) +0 trident
Press: ? - help, Dir - move target, f - orc wizard
Aim: an orc wizard, wielding a +0 dagger and wearing a +0 robe (severely wounded, fast)
You hit the orc wizard.
The orc wizard is almost dead.
The orc wizard hits you but does no damage.
The orc wizard casts a spell.
The orc wizard blinks!
Reach: a) +0 trident
Press: ? - help, Dir - move target, f - you, p - orc wizard That would be overly suicidal.
Okay, then.
Unknown command.
The orc wizard casts a spell at you. The magic dart hits you.
You die...

Skill      XL: |  1  2  3  4 |
---------------+-------------+-----
Shields        | 3 |  3.6
Armour         | 3 |  3.6
Dodging        | 1 2 |  2.2
Fighting       | |  3.0
Polearms       | |  1.7

Action                   |  1- 3 |  4- 6 || total
-------------------------+-------+-------++-------
Melee: Trident           |   144 |    52 ||   196
  Use: Potion            |     1 |     5 ||     6
Armor: Scale mail        |    37 |    16 ||    53
       Skin              |       |     3 ||     3
Dodge: Dodged            |    42 |    19 ||    61
Block: Kite shield       |    61 |    28 ||    89

Levels and vault maps discovered:
D:1:      minmay_arrival_wavy_path, layout_basic, hangedman_decor_peaks_small,
          hangedman_abyss_or_decor_lesser_grid
D:2:      layout_rooms
D:3:      layout_basic

Notes
Turn   | Place    | Note
-------+----------+-------------------------------------------
     0 | D:1      | Dracia the Demonspawn Fighter began the quest for the Orb.
     0 | D:1      | Reached XP level 1. HP: 18/18 MP: 1/1
   397 | D:1      | Gained mutation: You are surrounded by a mild repulsion
                  | field. (EV +2) [demonic ancestry]
   397 | D:1      | Reached XP level 2. HP: 24/24 MP: 2/2
   806 | D:2      | Reached skill level 3 in Shields
   812 | D:2      | Reached skill level 3 in Armour
   812 | D:2      | Reached skill level 1 in Dodging
   893 | D:2      | Identified a scarf of resistance (You found it on level 2
                  | of the Dungeon)
   931 | D:2      | Reached XP level 3. HP: 12/29 MP: 3/3
  1403 | D:2      | Reached XP level 4. HP: 19/35 MP: 4/4
  2060 | D:3      | Gained mutation: Your magical capacity is low. (-10% MP)
                  | [potion of mutation]
  2060 | D:3      | Gained mutation: Your muscles are strong. (Str +2) [potion
                  | of mutation]
  2067 | D:3      | Reached skill level 2 in Dodging
  2068 | D:3      | HP: 2/35 [orc wizard/+0 dagger (5)]
  2077 | D:3      | Killed from afar by an orc wizard

Vanquished Creatures
  An orc priest (D:3)
  4 adders (D:2)
  2 worms (D:2)
  A dart slug (D:2)
  6 orcs (D:3)
  6 bats
  2 giant cockroaches (D:2)
  6 goblins
  8 hobgoblins
  A quokka (D:2)
  2 ball pythons
  3 kobolds
  2 rats
44 creatures vanquished.

Table legend: (Time is in decaauts)
 A = Elapsed time spent in this place.
 B = Non-inter-level travel time spent in this place.
 C = Inter-level travel time spent in this place.
 D = Time resting spent in this place.
 E = Time spent auto-exploring this place.
 F = Levels seen in this place.
 G = Mean time per level.
                   A        B        C        D        E       F      G
               +--------+--------+--------+--------+--------+-----+--------+
         Total |   2133 |   2077 |     56 |    480 |   1225 |   3 |  711.0 |
       Dungeon |   2133 |   2077 |     56 |    480 |   1225 |   3 |  711.0 |
               +--------+--------+--------+--------+--------+-----+--------+

Top non-repeatable levels by time:
     D:2: 1209 daAuts
     D:1: 653 daAuts
     D:3: 270 daAuts

Table legend:
 A = Non-vault XP
 B = Vault XP
 C = Vault XP percentage of total XP
 D = Non-vault monster count
 E = Vault monster count
 F = Vault count percentage of total count
                 A         B        C        D         E       F
            +---------+---------+-------+---------+---------+-------
      Total |     177 |       0 |   0.0 |      44 |       0 |   0.0
            +---------+---------+-------+---------+---------+-------
        D:1 |      12 |       0 |   0.0 |       7 |       0 |   0.0
        D:2 |      98 |       0 |   0.0 |      26 |       0 |   0.0
        D:3 |      67 |       0 |   0.0 |      11 |       0 |   0.0
            +---------+---------+-------+---------+---------+-------
